 Dungeon Crawl Stone Soup version 0.31.0-11-ge490571c62 (webtiles) character file.

Game seed: 10836160055606459232

47 qw the Shooter (level 3, 0/20 HPs)
             Began as a Deep Elf Hunter on Feb 3, 2024.
             Slain by a kobold
             ... wielding a +0 short sword
              (4 damage)
             ... on level 1 of the Dungeon.
             The game lasted 00:00:03 (767 turns).

qw the Shooter (Deep Elf Hunter)                     Turns: 767, Time: 00:00:04

Health: 0/20       AC:  4    Str: 10    XL:     3   Next: 48%
Magic:  5/5        EV: 12    Int: 13    God:
Gold:   28         SH:  0    Dex: 18    Spells: 2/2 levels left

rFire   . . .        a - +0 shortbow
rCold   . . .        (shield currently unavailable)
rNeg    . . .        c - +0 leather armour
rPois   .            (no helmet)
rElec   .            (no cloak)
rCorr   .            (no gloves)
SInv    .            i - +0 pair of boots
Will    .....        (no amulet)
Stlth   ++           (no ring)
HPRegen 0.23/turn    (no ring)
MPRegen 0.09/turn

%: no passive effects
@: no status effects
A: no striking features
a: no special abilities


You were on level 1 of the Dungeon.
You visited 1 branch of the dungeon, and saw 2 of its levels.

You collected 28 gold pieces.


   Skills:
 - Level 1.5 Fighting
 + Level 7.0 Ranged Weapons
 - Level 2.4 Dodging
 - Level 1.2 Stealth


You had 2 spell levels left.
You didn't know any spells.
Your spell library was empty.

Inventory:

Hand Weapons
 a - a +0 shortbow (weapon)
Armour
 c - a +0 leather armour (worn)
 i - a +0 pair of boots (worn)
Potions
 f - a potion of resistance
 h - a potion of invisibility {unknown}
 k - a potion of curing

Dungeon Overview and Level Annotations

Branches:
Dungeon (2/15)

Altars:


Message History

You start resting.
You start to feel less resistant.
Your resistance to elements expires.
HP restored.
You climb downwards.
The endoplasm hits you but does no damage.
A quokka comes into view.
The ball python completely misses you. The ball python closely misses you.
There is a stone staircase leading up here.
762 ||| STAIRDANCE The endoplasm freezes you.
You are frozen.
The ball python closely misses you. The ball python grabs you.
You stop ascending the stairs.
The ball python constricts you.
The ribbon worm expels a string of sticky webbing.
The stream of webbing hits you but does no damage.
You are caught in a web!
The endoplasm completely misses you. The ball python bites you.
The ball python constricts you.
The ribbon worm expels a string of sticky webbing.
The stream of webbing misses you.
The stream of webbing hits the endoplasm but does no damage.
You shoot an arrow. The arrow hits the ball python!
You kill the ball python!
The endoplasm freezes you.
You are frozen.
The endoplasm freezes you.
You are frozen.
The kobold barely misses you.
765 ||| STAIRDANCE The ribbon worm expels a string of sticky webbing.
The stream of webbing hits you but does no damage.
You are caught in a web!
The endoplasm freezes you.
You are frozen.
The kobold hits you but does no damage.
You climb upwards.
There is a stone staircase leading down, spattered with blood here.
You shoot an arrow. The arrow hits the ribbon worm!
The ribbon worm is heavily wounded.
The ribbon worm barely misses you.
The kobold hits you with a +0 short sword.
You die...

#.####.# #####.####.#
######### .........#.###
#.......# ....¤.##.....#
#.#####.#
~~~~~¤~~~~...####.#...#.#
~8~~~~¤~8~#.......#.#.#.#
~~8~~~~8~~..r.......#.#.#
~~~####¤~~..#.#.K.....#.##
~~~#..'¤¤¤..#.#.@J.......#
~~~#<.'~¤¤¤.#.#.w[..######
~~~####~~¤..#.#.....#
~~8~~~~8~~..#.#..#####
~8~~~~~~8~..#........#
~~~~~¤¤~~~#.##..####.#
######...............# #
#.####....####### #
#.#.............#


You could see a ribbon worm (catching breath), an endoplasm and a kobold.

Vanquished Creatures
  Jessica (D:1)
  A dart slug (D:1)
  2 endoplasms (D:1)
  A giant cockroach (D:1)
  A goblin (D:1)
  A hobgoblin (D:1)
  3 kobolds (D:1)
  A quokka (D:1)
  3 ball pythons
  2 bats (D:1)
  A frilled lizard (D:1)
  3 rats (D:1)
20 creatures vanquished.

Notes
Turn   | Place    | Note
-------+----------+-------------------------------------------
     0 | D:1      | qw the Deep Elf Hunter began the quest for the Orb.
     0 | D:1      | Reached XP level 1. HP: 12/12 MP: 3/3
     0 | D:1      | 0 ||| qw: Version: 0.3-a-155-g5e7d8dd
     0 | D:1      | 0 ||| qw: Game counter: 3335
     0 | D:1      | 0 ||| qw: Melee chars always use a shield: true
     0 | D:1      | 0 ||| qw: God list: Okawaru
     0 | D:1      | 0 ||| qw: Allow faded altars: false
     0 | D:1      | 0 ||| qw: Do Orc after clearing Dungeon:15 true
     0 | D:1      | 0 ||| qw: Do second Lair branch before Depths: true
     0 | D:1      | 0 ||| qw: Lair rune preference: random
     0 | D:1      | 0 ||| qw: Goals: Normal
     0 | D:1      | 0 ||| PLANNING D:1-11
   187 | D:1      | Reached XP level 2. HP: 16/16 MP: 4/4
   211 | D:1      | Reached skill level 6 in Ranged Weapons
   698 | D:1      | 698 ||| UPGRADING to +0 pair of boots.
   703 | D:1      | 703 ||| DROPPING amulet of magic regeneration.
   704 | D:1      | 704 ||| READING scroll labelled WAGHYNNESCHI.
   704 | D:1      | 704 ||| IDENTIFYING lumpy white potion
   705 | D:1      | 705 ||| READING scroll labelled BAEGUNOVOR.
   706 | D:1      | 706 ||| DRINKING 2 fizzy white potions.
   707 | D:1      | 707 ||| DRINKING 2 bubbling red potions.
   708 | D:1      | 708 ||| DROPPING scroll of butterflies.
   709 | D:1      | 709 ||| DROPPING potion of lignification.
   736 | D:2      | Noticed Jessica
   741 | D:2      | 741 ||| STAIRDANCE
   746 | D:1      | Killed Jessica
   747 | D:1      | Reached skill level 7 in Ranged Weapons
   747 | D:1      | Reached XP level 3. HP: 17/20 MP: 5/5
   762 | D:2      | 762 ||| STAIRDANCE
   765 | D:2      | 765 ||| STAIRDANCE
   765 | D:2      | HP: 3/20 [frozen (4)]
   767 | D:1      | Slain by a kobold

Levels and vault maps discovered:
D:1:      lightli_arrival_boilingwater, layout_basic
D:2:      layout_rooms, serial_shops, nicolae_diamond_shop, uniq_jessica

Skill      XL: |  1  2 |
---------------+-------+-----
Ranged Weapons | 7 |  7.0
Fighting       | |  1.5
Dodging        | |  2.4
Stealth        | |  1.2

Action                     || total
---------------------------++-------
   Fire: Shortbow          ||    45
    Use: Scroll            ||     2
         Potion            ||     2
 Armour: Leather armour    ||     9
  Dodge: Dodged            ||    19

Table legend:
 A = Non-vault XP
 B = Vault XP
 C = Vault XP percentage of total XP
 D = Non-vault monster count
 E = Vault monster count
 F = Vault count percentage of total count
                 A         B        C        D         E       F
            +---------+---------+-------+---------+---------+-------
      Total |      31 |      37 |  54.4 |      19 |       1 |   5.0
            +---------+---------+-------+---------+---------+-------
        D:1 |      30 |      37 |  55.2 |      18 |       1 |   5.3
        D:2 |       1 |       0 |   0.0 |       1 |       0 |   0.0
            +---------+---------+-------+---------+---------+-------
